 Dungeon Crawl Stone Soup version 0.30-a0-634-g8abc852 (webtiles) character file.

Game seed: 7111537889487457261

88 Geeful the Sneak (level 4, 0/25 HPs)
             Began as a Kobold Enchanter on Jan 14, 2023.
             Slain by a rat (3 damage)
             ... in a sewer.
             The game lasted 00:09:18 (2298 turns).

Geeful the Sneak (Kobold Enchanter)                 Turns: 2298, Time: 00:09:19

Health: 0/25       AC:  4    Str:  7    XL:     4   Next: 81%
Magic:  1/7        EV: 14    Int: 16    God:
Gold:   88         SH:  0    Dex: 15    Spells: 6/8 levels left

rFire   . . .      SeeInvis .    a - +1 dagger
rCold   . . .      Faith    .    (no shield)
rNeg    . . .      Spirit   .    f - +0 leather armour
rPois   .          Reflect  .    (no helmet)
rElec   .          Harm     .    (no cloak)
rCorr   .          Rampage  .    (no gloves)
Will    .....                    e - +0 pair of boots
Stlth   ++++                     (no amulet)
HPRegen 0.24/turn                (no ring)
MPRegen 0.10/turn                (no ring)

@: no status effects
A: small, no large weapons, nightstalker 3
a: no special abilities


You were in a sewer.
You visited 1 branch of the dungeon, and saw 3 of its levels.
You also visited: Sewer.

You collected 183 gold pieces.
You spent 95 gold pieces at shops.

Inventory:

Hand Weapons
 a - a +1 dagger (weapon)
Missiles
 n - 5 poisoned darts (quivered)
Armour
 e - a +0 pair of boots (worn)
 f - a +0 leather armour (worn)
Scrolls
 g - 2 scrolls of magic mapping
 j - a scroll of teleportation
Potions
 b - a potion of flight
 c - 2 potions of invisibility
 d - 3 potions of attraction
 h - 3 potions of heal wounds
 i - 2 potions of might
 k - a potion of haste {unknown}
 l - a potion of experience {unknown}
 m - a potion of mutation {unknown}


   Skills:
 + Level 1.4 Fighting
 + Level 2.6 Short Blades
 + Level 0.7 Armour
 + Level 2.9 Dodging
 + Level 4.6 Stealth
 + Level 2.5 Spellcasting
 + Level 3.4 Hexes


You had 6 spell levels left.
You knew the following spells:

 Your Spells              Type           Power      Damage    Failure   Level
a - Ensorcelled Hibernat  Hex/Ice        14%        N/A       22%         2

Your spell library contained the following spells:

 Spells                   Type           Power      Damage    Failure   Level
 Confusing Touch          Hex            13%        N/A       22%         3
 Tukima's Dance           Hex            13%        N/A       22%         3
 Beastly Appendage        Tmut           4%         N/A       28%         1
 Dazzling Flash           Conj/Hex       14%        N/A       38%         3
 Wereblood                Tmut           2%         N/A       41%         2
 Spider Form              Tmut/Pois      2%         N/A       65%         3


Dungeon Overview and Level Annotations

Branches:
Dungeon (3/15)              Sewer (1/1)

Altars:

Shops:
D:1 *   D:2 [


Innate Abilities, Weirdness & Mutations

You are small and have problems with some larger weapons.
You are completely attuned to the shadows.


Message History

The river rat resists with some effort.
The river rat barely misses you. The rat bites you.
Casting: Ensorcelled Hibernation (safe; 22% risk of failure)
Confirm with . or Enter, or press ? or * to list all spells.
Aiming: Ensorcelled Hibernation (safe; 22% risk of failure)
Press: ? - help, Shift-Dir - straight line, f/p - river rat
Aim: a river rat (chance to affect: 50%)
The river rat resists with some effort.
The river rat closely misses you. The rat barely misses you.
Casting: Ensorcelled Hibernation (safe; 22% risk of failure)
Confirm with . or Enter, or press ? or * to list all spells.
Aiming: Ensorcelled Hibernation (safe; 22% risk of failure)
Press: ? - help, Shift-Dir - straight line, f/p - river rat
Aim: a river rat (chance to affect: 50%)
The river rat resists with some effort.
The rat misses you. The rat bites you but does no damage.
The river rat bites you.
You hit the river rat.
The river rat is lightly wounded.
The rat barely misses you. The rat misses you.
The river rat closely misses you.
You hit the river rat but do no damage. The rat bites you.
The rat bites you but does no damage. The river rat closely misses you.
You hit the river rat.
The river rat is lightly wounded.
The rat splashes around in the water.
You closely miss the river rat.
The river rat is lightly wounded.
The river rat bites you. The rat misses you.
The rat splashes around in the water.
You hit the river rat.
The river rat is lightly wounded.
The river rat closely misses you. The rat bites you.
* * * LOW HITPOINT WARNING * * *
The rat barely misses you.
You barely miss the river rat.
The river rat is lightly wounded.
The river rat bites you.
* * * LOW HITPOINT WARNING * * *
The rat bites you.
You die...

.............................'...
.............................#...
.....................~~~~~~~≈#..#
~~≈≈~~~...........~~~~≈≈≈≈≈≈≈####
≈≈≈≈≈≈~~.......≈~≈≈≈≈≈≈≈≈≈≈≈≈#
≈≈≈≈~≈~~≈~~~~≈≈≈≈≈≈≈≈≈≈≈≈≈≈
≈~~≈~~≈≈~≈~~≈≈≈≈≈≈≈
...........r≈~≈~~≈≈
..........@r....≈~~
....##r.....## ..####......# ..
#......... .........r.
....###.... ..## #rS. ##


You could see a river rat and 2 rats.

Vanquished Creatures
  4 adders
  A river rat (Sewer)
  4 ball pythons
  2 bats
  An endoplasm (D:1)
  6 giant cockroaches
  A goblin (D:2)
  A hobgoblin (D:2)
  10 kobolds
  3 quokkas
  A frilled lizard (D:1)
  11 rats
45 creatures vanquished.

Notes
Turn   | Place    | Note
-------+----------+-------------------------------------------
     0 | D:1      | Geeful the Kobold Enchanter began the quest for the Orb.
     0 | D:1      | Reached XP level 1. HP: 10/10 MP: 3/3
   106 | D:1      | Reached XP level 2. HP: 16/16 MP: 5/5
   157 | D:1      | Found Uruazuc's General Store.
   169 | D:1      | Bought a scroll of identify for 20 gold pieces
   262 | D:1      | Learned a level 2 spell: Ensorcelled Hibernation
  1020 | D:1      | Bought a scroll of magic mapping for 75 gold pieces
  1086 | D:2      | Reached XP level 3. HP: 10/20 MP: 6/6
  1463 | D:2      | Reached skill level 1 in Fighting
  1667 | D:2      | Found Ynaemamue's Antique Armour Shoppe.
  1828 | D:2      | Reached XP level 4. HP: 22/25 MP: 1/7
  2006 | D:3      | Found a glowing drain.
  2047 | Sewer    | Entered a sewer
  2298 | Sewer    | Slain by a rat

Illustrated notes

Levels and vault maps discovered:
D:1:      tarquinn_simple_flora_water_d, layout_loops_ring, serial_rivers,
          chequers_serial_rivers_micro_e, chequers_serial_rivers_micro_b,
          chequers_serial_rivers_small_a, chequers_serial_rivers_large_b,
          serial_shops, nicolae_shop_waterfront
D:2:      layout_basic, serial_shops, shop, kennysheep_generic_room_2
D:3:      layout_basic, cheibriados_altar_1, mainiacjoe_overflow_brackets,
          nicolae_overflow_hidden_temple, portal_sewer_entry_f, uniq_grinder
Sewer:    sewer_minmay_treatment

Skill      XL: |  1  2  3 |
---------------+----------+-----
Short Blades   | 2 |  2.6
Fighting       | 1 |  1.4
Armour         | |  0.7
Dodging        | |  2.9
Stealth        | |  4.6
Spellcasting   | |  2.5
Hexes          | |  3.4

Action                   |  1- 3 |  4- 6 || total
-------------------------+-------+-------++-------
Melee: Dagger            |    92 |    80 ||   172
       Punch             |     1 |       ||     1
 Cast: Ensorcelled Hiber |     1 |     3 ||     4
  Use: Scroll            |     6 |     1 ||     7
 Stab: Sleeping          |    12 |     7 ||    19
Armor: Leather armour    |    21 |    15 ||    36
Dodge: Dodged            |    56 |    59 ||   115

Table legend: (Time is in decaauts)
 A = Elapsed time spent in this place.
 B = Non-inter-level travel time spent in this place.
 C = Inter-level travel time spent in this place.
 D = Time resting spent in this place.
 E = Time spent auto-exploring this place.
 F = Levels seen in this place.
 G = Mean time per level.
                   A        B        C        D        E       F      G
               +--------+--------+--------+--------+--------+-----+--------+
         Total |   2342 |   2248 |     94 |     65 |   1604 |   4 |  585.5 |
       Dungeon |   2092 |   1998 |     94 |     52 |   1604 |   3 |  697.3 |
         Sewer |    249 |    249 |      0 |     13 |      0 |   1 |  249.0 |
               +--------+--------+--------+--------+--------+-----+--------+

Top non-repeatable levels by time:
     D:1: 1094 daAuts
     D:2: 932 daAuts
   Sewer: 249 daAuts
     D:3: 66 daAuts
